 Dungeon Crawl Stone Soup version 0.27.0 (webtiles) character file.

Game seed: 5149268552998568144

146 mainiacjoe the Sneak (level 5, -1/42 HPs)
             Began as a Naga Earth Elementalist on July 30, 2021.
             Slain by a river rat (9 damage)
             ... on level 3 of the Dungeon.
             The game lasted 00:07:56 (1574 turns).

mainiacjoe the Sneak (Naga Earth Elementalist)      Turns: 1574, Time: 00:07:56

Health: -1/42      AC:  2    Str: 11    XL:     5   Next: 28%
Magic:  1/8        EV: 10    Int: 15    God:
Gold:   65         SH:  0    Dex: 12    Spells: 7/8 levels left

rFire    . . .     SeeInvis +   n - +0 trident
rCold    . . .     Faith    .   (no shield)
rNeg     . . .     Spirit   .   e - +0 robe
rPois    +         Reflect  .   (no helmet)
rElec    .         Harm     .   (no cloak)
rCorr    .         Rampage  .   (no gloves)
Will     .....                  (no barding)
Stlth    +++.......             (no amulet)
HPRegen  0.14/turn              (no ring)
MPRegen  0.11/turn              (no ring)

@: very slow
A: AC +1, large, see invisible, deformed body, poison resistance, slowness 2,
spit poison 1, naga tail 1
a: Spit Poison


You were on level 3 of the Dungeon.
You visited 1 branch of the dungeon, and saw 3 of its levels.

You collected 65 gold pieces.

Inventory:

Hand Weapons
 a - a +0 short sword
 b - a +0 dagger
 m - a +0 halberd
 n - a +0 trident (weapon)
Missiles
 c - 5 stones
 i - 18 arrows
 k - 2 boomerangs
Armour
 e - a +0 robe (worn)
Wands
 o - a wand of flame (21)
Scrolls
 d - a scroll of enchant armour {unknown}
 f - a scroll of brand weapon {unknown}
 h - a scroll of acquirement {unknown}
 j - a scroll of amnesia {unknown}
 l - a scroll of fog {unknown}
Potions
 g - a potion of might {unknown}


   Skills:
 + Level 1.9 Short Blades
 - Level 1.5 Dodging
 * Level 5.7 Stealth
 - Level 2.0 Spellcasting
 - Level 1.0 Transmutations
 * Level 4.3 Earth Magic


You had 7 spell levels left.
You knew the following spells:

 Your Spells              Type           Power      Damage    Failure   Level
a - Sandblast             Erth           28%        2d8       3%          1

Your spell library contained the following spells:

 Spells                   Type           Power      Damage    Failure   Level
 Passwall                 Tmut/Erth      7%         N/A       12%         2
 Stone Arrow              Conj/Erth      14%        3d7       28%         3
 Petrify                  Tmut/Erth      9%         N/A       58%         4


Dungeon Overview and Level Annotations

Branches:
Dungeon (3/15)

Altars:

Annotations:
D:3 2 exclusions


Innate Abilities, Weirdness & Mutations

Your serpentine skin is tough. (AC +1)
You have supernaturally acute eyesight. (SInv)
Armour fits poorly on your strangely shaped body.
Your system is resistant to poisons. (rPois)
You cover ground very slowly.
You can spit poison.
You have a snake-like lower body.


Message History

Aim: a river rat (severely wounded, 77% to hit)
The blast of sand hits the river rat but does no damage.
The river rat is severely wounded.
c - 8 stones You have got your breath back.
The river rat bites you.
* * * LOW HITPOINT WARNING * * *
Casting: Sandblast (safe; 3% risk of failure)
Confirm with . or Enter, or press ? or * to list all spells.
Aiming: Sandblast (safe; 3% risk of failure)
Press: ? - help, Shift-Dir - straight line, f/p - river rat
Aim: a river rat (severely wounded, 77% to hit)
The blast of sand misses the river rat.
c - 7 stones The river rat barely misses you.
Casting: Sandblast (safe; 3% risk of failure)
Confirm with . or Enter, or press ? or * to list all spells.
Aiming: Sandblast (safe; 3% risk of failure)
Press: ? - help, Shift-Dir - straight line, f/p - river rat
Aim: a river rat (severely wounded, 77% to hit)
The blast of sand hits the river rat but does no damage.
The river rat is severely wounded.
c - 6 stones The river rat barely misses you.
Casting: Sandblast (safe; 3% risk of failure)
Confirm with . or Enter, or press ? or * to list all spells.
Aiming: Sandblast (safe; 3% risk of failure)
Press: ? - help, Shift-Dir - straight line, f/p - river rat
Aim: a river rat (severely wounded, 77% to hit)
The blast of sand misses the river rat.
c - 5 stones The river rat bites you.
* * * LOW HITPOINT WARNING * * *
You closely miss the river rat.
The river rat is severely wounded.
The river rat closely misses you.
You closely miss the river rat.
The river rat is severely wounded.
The river rat bites you!
You die...

#....#
#.#...#####
#....###
#######....
##.###≈#
####.###
#.# ≈≈≈
#....# #.#
≈≈≈ ######
#.# #≈#
#.###≈#
#..##r#
##.##@##
#.#≈≈≈#
#.#≈≈≈#
#.##≈##
#..#.#
##...#
#####


You could see a river rat.

Vanquished Creatures
  An orc priest (D:3)
  An orc wizard (D:3)
  3 gnolls (D:3)
  An adder (D:2)
  8 orcs (D:3)
  4 giant cockroaches
  3 goblins (D:1)
  A hobgoblin (D:1)
  4 jackals (D:1)
  A quokka (D:1)
  2 ball pythons (D:1)
  3 bats (D:1)
  3 frilled lizards
  7 kobolds
  4 rats
46 creatures vanquished.

Notes
Turn   | Place    | Note
-------+----------+-------------------------------------------
     0 | D:1      | mainiacjoe the Naga Earth Elementalist began the quest for
                  | the Orb.
     0 | D:1      | Reached XP level 1. HP: 15/15 MP: 3/3
   242 | D:1      | Reached XP level 2. HP: 14/22 MP: 1/5
   458 | D:1      | Reached skill level 4 in Stealth
   831 | D:1      | Reached XP level 3. HP: 19/28 MP: 6/6
   969 | D:1      | Reached skill level 1 in Short Blades
  1241 | D:1      | Found a faded altar of an unknown god.
  1358 | D:3      | Reached XP level 4. HP: 32/36 MP: 7/7
  1388 | D:3      | Reached skill level 5 in Stealth
  1460 | D:3      | Reached XP level 5. HP: 19/42 MP: 2/8
  1574 | D:3      | Slain by a river rat

Illustrated notes

Levels and vault maps discovered:
D:1:      eino_arrival_water_cross, layout_rooms,
          dilly_ecumenical_altar_fadedgnrine
D:2:      layout_rooms
D:3:      layout_basic, lemuel_tele_altar, gup_sewer_entry_bubbles,
          minmay_quantized

Skill      XL: |  1  2  3  4 |
---------------+-------------+-----
Stealth        | 4 5 |  5.7
Short Blades   | 1 |  1.9
Earth Magic    | 4 |  4.3
Dodging        | |  1.5
Spellcasting   | |  2.0
Transmutations | |  1.0

Action                   |  1- 3 |  4- 6 || total
-------------------------+-------+-------++-------
Melee: Short sword       |    68 |     9 ||    77
       Trident           |       |     4 ||     4
       Halberd           |       |     1 ||     1
 Cast: Sandblast         |    12 |    20 ||    32
 Abil: Spit Poison       |    19 |     9 ||    28
 Stab: Sleeping          |     2 |     1 ||     3
Armor: Robe              |    20 |     2 ||    22
Dodge: Dodged            |    49 |    22 ||    71
